 Dungeon Crawl Stone Soup version 0.25.0-1-g7eea58d (webtiles) character file.

Game seed: 14746484390469846432

770 Buxparty the Ducker (level 7, -8/56 HPs)
             Began as a Demonspawn Gladiator on June 18, 2020.
             Mangled by Duvessa
             ... wielding a +2 vampiric short sword
              (11 damage)
             ... on level 5 of the Dungeon.
             The game lasted 00:09:08 (4383 turns).

Buxparty the Ducker (Demonspawn Gladiator)          Turns: 4383, Time: 00:09:09

Health: -8/56      AC:  7    Str: 16    XL:     7   Next: 52%
Magic:  7/7        EV: 14    Int: 10    God:
Gold:   238        SH:  0    Dex: 14    Spells: 6/6 levels left

rFire    . . .     SeeInvis .   a - +0 trident
rCold    . . .     Gourm    .   (no shield)
rNeg     . . .     Faith    .   b - +0 leather armour
rPois    .         Spirit   .   c - +0 helmet
rElec    .         Reflect  .   (no cloak)
rCorr    .         Harm     .   (no gloves)
MR       .....                  (no boots)
Stlth    +.........             m - amulet of regeneration
HPRegen  0.58/turn              (no ring)
MPRegen  0.10/turn              (no ring)

@: brilliant, lethally poisoned (-8 -> -9), flying
A: slimy green scales 2
a: no special abilities


You were on level 5 of the Dungeon.
You were not hungry.

You visited 1 branch of the dungeon, and saw 5 of its levels.

You collected 238 gold pieces.

Inventory:

Hand Weapons
 a - a +0 trident (weapon)
Missiles
 d - 4 throwing nets (quivered)
Armour
 b - a +0 leather armour (worn)
 c - a +0 helmet (worn)
Jewellery
 m - an amulet of regeneration (around neck)
 n - an uncursed ring of protection from fire
 q - a +6 ring of strength
 x - an uncursed ring of magical power {unknown}
Wands
 k - a wand of flame (18)
 y - a wand of enslavement (8)
Scrolls
 e - 9 scrolls of identify {unknown}
 g - 3 scrolls of fog {unknown}
 h - 5 scrolls of immolation {unknown}
 i - 2 scrolls of amnesia {unknown}
 j - 2 scrolls of magic mapping {unknown}
 o - a scroll of enchant weapon {unknown}
 r - a scroll of teleportation {unknown}
 s - a scroll of fear {unknown}
 t - a scroll of remove curse {unknown}
 u - a scroll of blinking {unknown}
Potions
 p - a potion of haste
 v - 2 potions of brilliance
Comestibles
 f - 9 rations
 l - a chunk of flesh


   Skills:
 + Level 5.1 Fighting
 + Level 5.2 Polearms
 - Level 1.7 Throwing
 + Level 5.2 Dodging


You had 6 spell levels left.
You didn't know any spells.
Your spell library contained the following spells:

 Spells                   Type           Power        Failure   Level  Hunger
 Animate Skeleton         Necr           N/A          43%         1    None
 Apportation              Tloc           #.....       43%         1    None
 Corona                   Hex            #......      43%         1    None
 Summon Small Mammal      Summ           #...         43%         1    None


Dungeon Overview and Level Annotations

Branches:
Dungeon (5/15)             Temple (0/1) D:5

Altars:
Okawaru
Trog
Vehumet
Zin
The Shining One

Annotations:
D:5 Dowan, Duvessa, Prince Ribbit


Innate Abilities, Weirdness & Mutations

You are mostly covered in slimy green scales. (AC +3)


Message History

* * * LOW HITPOINT WARNING * * *
Duvessa draws strength from your wounds!
You hit Duvessa.
Duvessa is heavily wounded.
You feel sick. Duvessa hits you but does no damage. Duvessa barely misses you.
You hit Duvessa but do no damage.
Duvessa is heavily wounded.
Duvessa hits you with a +2 vampiric short sword!
* * * LOW HITPOINT WARNING * * *
Duvessa draws strength from your wounds!
You puncture Duvessa!
Duvessa is severely wounded.
Duvessa hits you with a +2 vampiric short sword.
* * * LOW HITPOINT WARNING * * *
Duvessa hits you but does no damage.
You closely miss Duvessa.
Duvessa is severely wounded.
Duvessa hits you but does no damage.
Duvessa hits you with a +2 vampiric short sword!
You die...

####..................##
##.................##....
###..#...........#...##.#..
....##....#...............#
.>.............#......### #
###..#.......#...###..# #.
#...........#.## #..#
#.###.#######..##.# #..#
##.........@e..###.# #..#
#.......#####..# #.# #..#
##........# #..# #.. ....
..........# #..# ### ...
###..(....####.?#
##...>....##..#
##.#.....##...
#........#..# #........#


You could see Duvessa (fast).

Vanquished Creatures
  3 phantoms
  2 crimson imps (D:5)
  2 orc priests
  2 hounds (D:4)
  2 orc wizards (D:4)
  Ijyb (D:4)
  A worker ant (D:5)
  Robin (D:4)
  A howler monkey skeleton (D:4)
  6 adders
  An ooze (D:1)
  3 worms
  A dart slug (D:1)
  4 leopard geckos
  14 orcs
  A ball python (D:4)
  9 bats
  9 giant cockroaches
  19 goblins
  8 hobgoblins
  3 jackals (D:5)
  3 frilled lizards
  A jackal skeleton (D:4)
  13 kobolds
  A leopard gecko skeleton (D:5)
  8 rats
119 creatures vanquished.

Notes
Turn   | Place    | Note
-------+----------+-------------------------------------------
     0 | D:1      | Buxparty the Demonspawn Gladiator began the quest for the
                  | Orb.
     0 | D:1      | Reached XP level 1. HP: 16/16 MP: 1/1
    51 | D:1      | Gained mutation: You are partially covered in slimy green
                  | scales. (AC +2) [demonic ancestry]
    51 | D:1      | Reached XP level 2. HP: 11/22 MP: 2/2
   666 | D:1      | Reached XP level 3. HP: 24/28 MP: 3/3
  1273 | D:2      | Reached XP level 4. HP: 34/34 MP: 4/4
  2388 | D:3      | Reached XP level 5. HP: 31/41 MP: 5/5
  2451 | D:3      | Found a glowing silver altar of Zin.
  2452 | D:3      | Found an iron altar of Okawaru.
  2507 | D:3      | Found a radiant altar of Vehumet.
  2724 | D:4      | Noticed Robin
  2750 | D:4      | Killed Robin
  2843 | D:4      | Gained mutation: You are mostly covered in slimy green
                  | scales. (AC +3) [demonic ancestry]
  2843 | D:4      | Reached XP level 6. HP: 48/48 MP: 6/6
  2971 | D:4      | Found a bloodstained altar of Trog.
  3392 | D:4      | Found a glowing golden altar of the Shining One.
  3726 | D:5      | Entered Level 5 of the Dungeon
  3726 | D:5      | Noticed Prince Ribbit
  3867 | D:5      | Noticed Ijyb
  3971 | D:4      | Killed Ijyb
  4091 | D:5      | Reached XP level 7. HP: 55/55 MP: 7/7
  4109 | D:5      | Found a staircase to the Ecumenical Temple.
  4266 | D:5      | Reached skill level 5 in Polearms
  4266 | D:5      | Reached skill level 5 in Dodging
  4276 | D:5      | Reached skill level 5 in Fighting
  4331 | D:5      | Noticed Dowan
  4331 | D:5      | Noticed Duvessa
  4382 | D:5      | HP: 2/56 [Duvessa/+2 vampiric short sword (3)]
  4383 | D:5      | Mangled by Duvessa

Illustrated notes

Levels and vault maps discovered:
D:1:      minmay_arrival_shoal_huts, layout_basic, hangedman_decor_points,
          minmay_statues_item
D:2:      layout_loops_ring
D:3:      layout_rooms, fiery_altar_vehumet, gammafunk_temple_overflow_pools,
          first_ration
D:4:      layout_loops_ring, old_standard_altar, kennysheep_mini_moat,
          palyth_stone_intersect, hex_medium, uniq_robin
D:5:      layout_loops_ring, minmay_temple_entry_stoned_glass,
          uniq_prince_ribbit1, uniq_duvessa, uniq_ijyb

Skill      XL: |  1  2  3  4  5  6  7 |
---------------+----------------------+-----
Polearms       | 3 4 5 |  5.2
Dodging        | 3 4 5 |  5.2
Fighting       | 3 4 5 |  5.1
Throwing       | |  1.7

Action                   |  1- 3 |  4- 6 |  7- 9 || total
-------------------------+-------+-------+-------++-------
Melee: Trident           |   113 |   349 |    81 ||   543
  Use: Potion            |       |     2 |     2 ||     4
 Stab: Sleeping          |       |     2 |       ||     2
  Eat: Chunk             |     1 |     9 |     2 ||    12
Armor: Leather armour    |    24 |    97 |    22 ||   143
Dodge: Dodged            |    66 |   223 |    59 ||   348
